 Dungeon Crawl Stone Soup version 0.22.0-38-g04b72b8 (webtiles) character file.

95 Marcoleric the Shield-Bearer (level 4, 0/42 HPs)
             Began as a Deep Dwarf Fighter on Aug 29, 2018.
             Slain by a gnoll
             ... wielding a +0 spear
              (2 damage)
             ... on level 3 of the Dungeon.
             The game lasted 00:05:00 (1192 turns).

Marcoleric the Shield-Bearer (Deep Dwarf Fighter)   Turns: 1192, Time: 00:05:00

Health: 0/42       AC:  9    Str: 19 (20) XL:     4   Next: 39%
Magic:  4/4        EV:  5    Int:  8 (9)  God:
Gold:   157        SH:  9    Dex: 11 (12) Spells: 3/3 levels left

rFire    . . .     SeeInvis .   a - +0 war axe
rCold    . . .     Gourm    .   c - +0 shield
rNeg     . . .     Faith    .   j - +0 chain mail
rPois    .         Spirit   .   (no helmet)
rElec    .         Reflect  .   (no cloak)
rCorr    .         Harm     .   (no gloves)
MR       .....                  (no boots)
Stlth    ..........             (no amulet)
HPRegen  0.00/turn              (no ring)
MPRegen  0.09/turn              (no ring)

@: non-regenerating
A: damage resistance, heal wounds, sense surroundings 1, no regeneration
a: Heal Wounds


You were on level 3 of the Dungeon.
You were not hungry.

You visited 1 branch of the dungeon, and saw 3 of its levels.

You collected 157 gold pieces.

Inventory:

Hand Weapons
 a - a +0 war axe (weapon)
Armour
 b - a +0 scale mail
 c - a +0 shield (worn)
 j - a +0 chain mail (worn)
Jewellery
 n - an uncursed ring of protection from magic {unknown}
Scrolls
 e - 4 scrolls of identify
 h - 2 scrolls of remove curse
 i - 2 scrolls of enchant armour {unknown}
 k - a scroll of magic mapping
 l - 2 scrolls of teleportation
 o - a scroll of amnesia {unknown}
Potions
 d - a potion of might
 g - a potion of haste
 m - a potion of curing {unknown}
Comestibles
 f - 3 rations


   Skills:
 + Level 3.0 Fighting
 * Level 3.4 Axes
 + Level 3.9 Armour
 + Level 0.2 Dodging
 * Level 4.2 Shields


You had 3 spell levels left.
You didn't know any spells.
Your spell library was empty.

Dungeon Overview and Level Annotations

Branches:
Dungeon (3/15)

Altars:


Innate Abilities, Weirdness & Mutations

You are resistant to damage.
You can heal yourself by infusing magical energy.
You passively map a small area around you.
You do not regenerate.


Message History

The gnoll hits you but does no damage.
You hit the gnoll but do no damage.
The gnoll is lightly wounded.
The gnoll hits you with a spear.
Your shield and chain mail prevent you from hitting the gnoll.
The gnoll is lightly wounded.
You closely miss the rat. The gnoll hits you with a spear.
* * * LOW HITPOINT WARNING * * *
The rat bites you but does no damage. The gnoll hits you with a spear!
* * * LOW HITPOINT WARNING * * *
You completely miss the gnoll.
The gnoll is lightly wounded.
You hit the rat.
You kill the rat!
The gnoll hits you with a spear.
* * * LOW HITPOINT WARNING * * *
You barely miss the gnoll.
The gnoll is lightly wounded.
The gnoll hits you with a spear.
You die...

#.# #.### ### #...# ..#
** #.#.#.#.# *
#######.#.. #.#
#........# #.#
#......†.####.# *
#.....)....(#.####
*#....@)..##......#
.......g...####.##.## ,,
, ...........#*...#...#
...##########.#.###.####
.. *,, ............. . ,
, ####.####.#### * , ..
..#.# * * ,, #.,#.#.# ,
* #.#.#


You could see a gnoll.

Vanquished Creatures
  2 gnolls (D:3)
  3 adders (D:2)
  An ooze (D:2)
  2 worms (D:2)
  A leopard gecko (D:2)
  An orc (D:2)
  A bat (D:1)
  2 giant cockroaches
  2 goblins
  4 hobgoblins
  5 jackals
  5 kobolds
  3 frilled lizards
  5 rats
37 creatures vanquished.

Notes
Turn   | Place    | Note
-------+----------+-------------------------------------------
     0 | D:1      | Marcoleric the Deep Dwarf Fighter began the quest for the Orb.
     0 | D:1      | Reached XP level 1. HP: 20/20 MP: 1/1
   233 | D:1      | Reached XP level 2. HP: 18/27 MP: 2/2
   569 | D:2      | Reached XP level 3. HP: 33/33 MP: 3/3
   748 | D:2      | Reached skill level 4 in Shields
   804 | D:2      | Reached XP level 4. HP: 37/40 MP: 4/4
  1191 | D:3      | HP: 2/42 [gnoll/spear (2)]
  1192 | D:3      | Slain by a gnoll

Skill      XL: |  1  2  3  4 |
---------------+-------------+-----
Shields        | 4 |  4.2
Axes           | 3 |  3.4
Fighting       | 3 |  3.0
Armour         | |  3.9
Dodging        | |  0.2

Action                   |  1- 3 |  4- 6 || total
-------------------------+-------+-------++-------
Melee: War axe           |   121 |    24 ||   145
 Abil: Heal Wounds       |     1 |       ||     1
  Use: Scroll            |     4 |       ||     4
       Potion            |     3 |       ||     3
  Eat: Ration            |       |     1 ||     1
Armor: Scale mail        |    41 |       ||    41
       Chain mail        |    43 |    16 ||    59
Dodge: Dodged            |    51 |     5 ||    56
Block: Shield            |    76 |    13 ||    89
